MLB
COLORADO ROCKIES @ SAN FRANCISCO GIANTS
09/10/2047
 
TOP OF THE 1ST
Colorado Rockies batting - Pitching for San Francisco Giants : RHP Ricky Rodriguez
Pitching: RHP Ricky Rodriguez
Batting: LHB Freddy Troncoso 0-0: Ball
1-0: Ball
2-0: Ball
3-0: Called Strike
3-1: Base on Balls
Batting: SHB Eddie Quinones 0-0: Ball
1-0: Ball
2-0: Ball
Freddy Troncoso steals 2nd base (no throw)
3-0: Called Strike
3-1: Called Strike
3-2: Ground out 6-3 (Groundball, P, EV 77.5 MPH)
Freddy Troncoso to third
Batting: RHB Joel Haycock 0-0: Ball
1-0: Fly out, F7 (Flyball, 78S, EV 82.5 MPH)
Batting: RHB Jason Andrews 0-0: Ball
1-0: Fly out, F7 (Line Drive, 7, EV 103.8 MPH)
Top of the 1st over - 0 runs, 0 hits, 0 errors, 1 left on base; Colorado 0 - San Francisco 0
BOTTOM OF THE 1ST
San Francisco Giants batting - Pitching for Colorado Rockies : LHP Mike Nimmo
Pitching: LHP Mike Nimmo
Batting: RHB Nick Rigden 0-0: Swinging Strike
0-1: SINGLE (Line Drive, 56D, EV 95.0 MPH)
Batting: LHB Carey Horncole 0-0: Ball
1-0: Ball
2-0: Foul Ball, location: 2F
2-1: Foul Ball, location: 2F
2-2: Foul Ball, location: 2F
2-2: Ball
3-2: SINGLE (Line Drive, 4MD, EV 106.9 MPH)
Nick Rigden to second
Nick Rigden to third
Batting: RHB Sean Zielinski 0-0: Ball
1-0: Grounds into double play, 6-4-3 (Groundball, 6, EV 85.6 MPH)
Nick Rigden scores
Batting: LHB Jack Henningar 0-0: Ball
1-0: Ball
2-0: Called Strike
2-1: Ball
3-1: Called Strike
3-2: Foul Ball, location: 2F
3-2: Foul Ball, location: 2F
3-2: Foul Ball, location: 2F
3-2: Strikes out looking
Bottom of the 1st over - 1 run, 2 hits, 0 errors, 0 left on base; Colorado 0 - San Francisco 1
TOP OF THE 2ND
Colorado Rockies batting - Pitching for San Francisco Giants : RHP Ricky Rodriguez
Batting: LHB Shawn Morrison 0-0: Called Strike
0-1: Ball
1-1: Called Strike
1-2: Ball
2-2: Ball
3-2: SINGLE (Line Drive, 4MD, EV 96.2 MPH)
Batting: SHB Chris Blue 0-0: Called Strike
0-1: Ball
1-1: Swinging Strike
1-2: Foul Ball, location: 2F
1-2: Grounds out, U3 (Groundball, 3L, EV 100.6 MPH)
Batting: RHB Henry Alvizo 0-0: Called Strike
0-1: 2-RUN HOME RUN (Flyball, 7D, EV 97.5 MPH), Distance : 379 ft
Batting: SHB Jon Munoz 0-0: Ball
1-0: Foul Ball, location: 2F
1-1: Ball
2-1: Foul Ball, location: 2F
2-2: Ball
3-2: Base on Balls
Batting: SHB Billy Encinias 0-0: Ball
1-0: Called Strike
1-1: Called Strike
1-2: Ball
2-2: Ball
3-2: Strikes out swinging
Jon Munoz is caught stealing 2nd base 2-6
Batter strikes out.
Top of the 2nd over - 2 runs, 2 hits, 0 errors, 0 left on base; Colorado 2 - San Francisco 1
BOTTOM OF THE 2ND
San Francisco Giants batting - Pitching for Colorado Rockies : LHP Mike Nimmo
Batting: RHB Bobby Ayala 0-0: Ball
1-0: Ball
2-0: Fly out, F7 (Flyball, 7S, EV 85.6 MPH)
Batting: SHB Ryan Doss 0-0: Ball
1-0: DOUBLE (Groundball, 5L, EV 103.8 MPH)
Batting: SHB Bill Dooms 0-0: Called Strike
0-1: Ball
1-1: Foul Ball, location: 2F
1-2: Ball
2-2: Foul Ball, location: 2F
2-2: Ball
3-2: DOUBLE (Groundball, 5L, EV 95.0 MPH)
Ryan Doss scores
Batting: RHB Bill Defazio 0-0: Called Strike
0-1: Foul Ball, location: 2F
0-2: Ball
1-2: Fly out, F8 (Flyball, 8LXD, EV 103.8 MPH)
Runner from 2nd tags up, SAFE at 3rd, no throw by CF
Batting: LHB Ryan Braden 0-0: Called Strike
0-1: Ball
1-1: Swinging Strike
1-2: Ball
2-2: Strikes out swinging
Bottom of the 2nd over - 1 run, 2 hits, 0 errors, 1 left on base; Colorado 2 - San Francisco 2
TOP OF THE 3RD
Colorado Rockies batting - Pitching for San Francisco Giants : RHP Ricky Rodriguez
Batting: LHB Freddy Troncoso 0-0: Ball
1-0: Called Strike
1-1: Ball
2-1: Foul Ball, location: 2F
2-2: Ball
3-2: Fly out, F8 (Flyball, 8LD, EV 87.5 MPH)
Batting: SHB Eddie Quinones 0-0: Foul Ball, location: 2F
0-1: Ball
1-1: Foul Ball, location: 2F
1-2: Ground out 4-3 (Groundball, 4, EV 103.8 MPH)
Batting: RHB Joel Haycock 0-0: Fly out, F6 (Line Drive, 6, EV 63.8 MPH)
Top of the 3rd over - 0 runs, 0 hits, 0 errors, 0 left on base; Colorado 2 - San Francisco 2
BOTTOM OF THE 3RD
San Francisco Giants batting - Pitching for Colorado Rockies : LHP Mike Nimmo
Batting: RHB Nick Rigden 0-0: Ball
1-0: Ball
2-0: Ball
3-0: Base on Balls
Batting: LHB Carey Horncole 0-0: Called Strike
0-1: Ball
1-1: Foul Ball, location: 2F
1-2: Ball
2-2: SINGLE (Groundball, 34D, EV 105.0 MPH)
Nick Rigden to second
Runner from 2nd tries for 3rd, SAFE, throw by RF made at trailing runner, OUT! 9-6
Batting: RHB Sean Zielinski 0-0: Called Strike
0-1: Ball
1-1: Ball
2-1: Ball
3-1: Base on Balls
Batting: LHB Jack Henningar Pickoff Throw to First - Out! 1-3
0-0: Called Strike
0-1: Ball
1-1: Foul Ball, location: 2F
1-2: Foul Ball, location: 2F
1-2: DOUBLE (Line Drive, 5D, EV 101.2 MPH)
Nick Rigden scores
Batting: RHB Bobby Ayala 0-0: Ball
1-0: Called Strike
1-1: Ball
2-1: Swinging Strike
2-2: Strikes out swinging
Bottom of the 3rd over - 1 run, 2 hits, 0 errors, 1 left on base; Colorado 2 - San Francisco 3
TOP OF THE 4TH
Colorado Rockies batting - Pitching for San Francisco Giants : RHP Ricky Rodriguez
Batting: RHB Jason Andrews 0-0: Called Strike
0-1: Ball
1-1: Fly out, F8 (Flyball, 8LM, EV 93.8 MPH)
Batting: LHB Shawn Morrison 0-0: Called Strike
0-1: Foul Ball, location: 2F
0-2: Ball
1-2: Ball
2-2: Strikes out swinging
Batting: SHB Chris Blue 0-0: Ball
1-0: Ball
2-0: SINGLE (Groundball, 56D, EV 109.4 MPH)
Batting: RHB Henry Alvizo 0-0: Ball
1-0: Ground out 4-3 (Groundball, 4, EV 101.9 MPH)
Top of the 4th over - 0 runs, 1 hit, 0 errors, 1 left on base; Colorado 2 - San Francisco 3
BOTTOM OF THE 4TH
San Francisco Giants batting - Pitching for Colorado Rockies : LHP Mike Nimmo
Batting: SHB Ryan Doss 0-0: Ball
1-0: Ball
2-0: Ball
3-0: Called Strike
3-1: Called Strike
3-2: DOUBLE (Line Drive, 7LS, EV 90.6 MPH)
Batting: SHB Bill Dooms 0-0: Foul Ball, location: 2F
0-1: Ball
1-1: DOUBLE (Line Drive, 7LS, EV 87.5 MPH)
Ryan Doss scores
Batting: RHB Bill Defazio 0-0: Ball
1-0: Foul Ball, location: 2F
1-1: Fly out, F7 (Flyball, 7S, EV 86.9 MPH)
Batting: LHB Ryan Braden 0-0: DOUBLE (Flyball, 8LXD, EV 113.1 MPH)
Bill Dooms scores
Pitching: LHP Bill Ogren
Batting: RHB Nick Rigden 0-0: Foul Ball, location: 2F
0-1: Ball
1-1: Ground out 6-3 (Groundball, 6M, EV 101.9 MPH)
Ryan Braden to third
Batting: LHB Carey Horncole 0-0: Ball
1-0: Foul Ball, location: 2F
1-1: Ball
2-1: Fly out, F8 (Flyball, 8RD, EV 88.8 MPH)
Bottom of the 4th over - 2 runs, 3 hits, 0 errors, 1 left on base; Colorado 2 - San Francisco 5
TOP OF THE 5TH
Colorado Rockies batting - Pitching for San Francisco Giants : RHP Ricky Rodriguez
Batting: SHB Jon Munoz 0-0: SINGLE (Groundball, 34S, EV 68.8 MPH) (infield hit)
Batting: SHB Billy Encinias 0-0: Foul Ball, location: 2F
0-1: Foul Ball, location: 2F
0-2: Ball
1-2: Ball
2-2: Foul Ball, location: 2F
2-2: Foul Ball, location: 2F
2-2: Ball
3-2: Strikes out looking
Jon Munoz steals 2nd base
Batter strikes out.
Batting: LHB Freddy Troncoso 0-0: Called Strike
0-1: Called Strike
0-2: Foul Ball, location: 2F
0-2: Foul Ball, location: 2F
0-2: Ball
1-2: Strikes out swinging
Batting: SHB Eddie Quinones 0-0: Called Strike
0-1: DOUBLE (Flyball, 78XD, EV 110.6 MPH)
Jon Munoz scores
Batting: RHB Joel Haycock 0-0: Fly out, F8 (Flyball, 8RM, EV 96.2 MPH)
Top of the 5th over - 1 run, 2 hits, 0 errors, 1 left on base; Colorado 3 - San Francisco 5
BOTTOM OF THE 5TH
San Francisco Giants batting - Pitching for Colorado Rockies : LHP Bill Ogren
Batting: RHB Sean Zielinski 0-0: Ball
1-0: Ball
2-0: Ball
3-0: Called Strike
3-1: Base on Balls
Batting: LHB Jack Henningar 0-0: Called Strike
0-1: Ball
1-1: Foul Ball, location: 2F
1-2: 2-RUN HOME RUN (Line Drive, 8LXD, EV 113.8 MPH), Distance : 434 ft
Batting: RHB Bobby Ayala 0-0: Foul Ball, location: 2F
0-1: Ball
1-1: Swinging Strike
1-2: Strikes out swinging
Batting: SHB Ryan Doss 0-0: Ball
1-0: Called Strike
1-1: Ball
2-1: Ground out 5-3 (Groundball, 5L, EV 85.6 MPH)
Batting: SHB Bill Dooms 0-0: Called Strike
0-1: Called Strike
0-2: Fly out, F7 (Line Drive, 7, EV 93.1 MPH)
Bottom of the 5th over - 2 runs, 1 hit, 0 errors, 0 left on base; Colorado 3 - San Francisco 7
TOP OF THE 6TH
Colorado Rockies batting - Pitching for San Francisco Giants : RHP Ricky Rodriguez
Batting: RHB Jason Andrews 0-0: Ball
1-0: SINGLE (Flyball, 89S, EV 92.5 MPH)
Batting: LHB Shawn Morrison 0-0: Called Strike
0-1: Called Strike
0-2: Ball
1-2: Strikes out looking
Batting: SHB Chris Blue 0-0: Called Strike
0-1: Ball
1-1: Ball
2-1: DOUBLE (Flyball, 9LD, EV 103.1 MPH)
Jason Andrews to third
Runner from 3rd tries for Home, SAFE, throw by RF to trailing runner, OUT at third! 9-3-5
Batting: RHB Henry Alvizo 0-0: Called Strike
0-1: Ball
1-1: Ball
2-1: Foul Ball, location: 2F
2-2: Foul Ball, location: 2F
2-2: Ground out 1-3 (Groundball, 13S, EV 64.4 MPH)
Top of the 6th over - 1 run, 2 hits, 0 errors, 0 left on base; Colorado 4 - San Francisco 7
BOTTOM OF THE 6TH
San Francisco Giants batting - Pitching for Colorado Rockies : LHP Bill Ogren
Batting: RHB Bill Defazio 0-0: Ground out 5-3 (Groundball, 56S, EV 68.8 MPH)
Batting: LHB Ryan Braden 0-0: Ball
1-0: Called Strike
1-1: Foul Ball, location: 2F
1-2: Ground out 1-3 (Groundball, 13, EV 68.8 MPH)
Batting: RHB Nick Rigden 0-0: Ball
1-0: Ball
2-0: Ball
3-0: Called Strike
3-1: Base on Balls
Pitching: LHP Ron Reardon
Batting: LHB Carey Horncole 0-0: Ball
1-0: Ball
2-0: Foul Ball, location: 2F
2-1: Ball
3-1: Swinging Strike
3-2: Foul Ball, location: 2F
3-2: Base on Balls
Nick Rigden to second
Batting: RHB Sean Zielinski 0-0: Fly out, F9 (Line Drive, 9, EV 105.6 MPH)
Bottom of the 6th over - 0 runs, 0 hits, 0 errors, 2 left on base; Colorado 4 - San Francisco 7
TOP OF THE 7TH
Colorado Rockies batting - Pitching for San Francisco Giants : RHP Ricky Rodriguez
Pitching: RHP Alex Montes
Batting: SHB Jon Munoz 0-0: DOUBLE (Line Drive, 9LM, EV 91.9 MPH)
Batting: SHB Billy Encinias 0-0: Ball
1-0: Ball
2-0: Called Strike
2-1: Ground out 1-3 (Groundball, 15S, EV 72.5 MPH)
Batting: LHB Freddy Troncoso 0-0: Ball
1-0: Foul Ball, location: 2F
1-1: Ball
2-1: Fly out, F9 (Flyball, 9LS, EV 83.1 MPH)
Batting: SHB Eddie Quinones 0-0: Called Strike
0-1: Ball
1-1: Ball
2-1: Ball
3-1: Swinging Strike
3-2: Ground out 4-3 (Groundball, 34D, EV 102.5 MPH)
Top of the 7th over - 0 runs, 1 hit, 0 errors, 1 left on base; Colorado 4 - San Francisco 7
BOTTOM OF THE 7TH
San Francisco Giants batting - Pitching for Colorado Rockies : LHP Ron Reardon
Batting: LHB Jack Henningar 0-0: Fly out, F7 (Flyball, 7, EV 93.1 MPH)
Batting: RHB Bobby Ayala 0-0: Ball
1-0: Foul Ball, location: 2F
1-1: Ball
2-1: Foul Ball, location: 2F
2-2: Ball
3-2: Strikes out swinging
Batting: SHB Ryan Doss 0-0: Ball
1-0: Ball
2-0: Foul Ball, location: 2F
2-1: Ball
3-1: Called Strike
3-2: Base on Balls
Batting: SHB Bill Dooms 0-0: Called Strike
0-1: DOUBLE (Line Drive, 8RXD, EV 110.6 MPH)
Ryan Doss to third
Runner from 3rd tries for Home, SAFE, throw by CF to home
Batting: RHB Bill Defazio 0-0: 2-RUN HOME RUN (Line Drive, 7D, EV 98.8 MPH), Distance : 384 ft
Pitching: RHP Ju-zheng Yang
Batting: LHB Ryan Braden 0-0: Called Strike
0-1: SINGLE (Groundball, 4MD, EV 96.9 MPH)
Batting: RHB Nick Rigden 0-0: Ball
1-0: Fly out, F7 (Flyball, 78S, EV 89.4 MPH)
Bottom of the 7th over - 3 runs, 3 hits, 0 errors, 1 left on base; Colorado 4 - San Francisco 10
TOP OF THE 8TH
Colorado Rockies batting - Pitching for San Francisco Giants : RHP Alex Montes
Batting: RHB Joel Haycock 0-0: Ball
1-0: Foul Ball, location: 2F
1-1: Foul Ball, location: 2F
1-2: Ground out 4-3 (Groundball, 4M, EV 80.0 MPH)
Batting: RHB Jason Andrews 0-0: Called Strike
0-1: Foul Ball, location: 2F
0-2: Ground out 5-3 (Groundball, 56, EV 86.2 MPH)
Batting: LHB Shawn Morrison 0-0: Called Strike
0-1: Ball
1-1: Swinging Strike
1-2: Foul Ball, location: 2F
1-2: Foul Ball, location: 2F
1-2: Foul Ball, location: 2F
1-2: Foul Ball, location: 2F
1-2: Ball
2-2: Strikes out looking
Top of the 8th over - 0 runs, 0 hits, 0 errors, 0 left on base; Colorado 4 - San Francisco 10
BOTTOM OF THE 8TH
San Francisco Giants batting - Pitching for Colorado Rockies : RHP Ju-zheng Yang
Batting: LHB Carey Horncole 0-0: Ball
1-0: Called Strike
1-1: Called Strike
1-2: Fly out, F7 (Flyball, 7, EV 90.6 MPH)
Batting: RHB Sean Zielinski 0-0: Called Strike
0-1: Ball
1-1: Foul Ball, location: 2F
1-2: Foul Ball, location: 2F
1-2: Ball
2-2: Ground out U3 (Groundball, 34S, EV 68.8 MPH)
Batting: LHB Jack Henningar 0-0: Ball
1-0: Ball
2-0: Swinging Strike
2-1: Foul Ball, location: 2F
2-2: Strikes out swinging
Bottom of the 8th over - 0 runs, 0 hits, 0 errors, 0 left on base; Colorado 4 - San Francisco 10
TOP OF THE 9TH
Colorado Rockies batting - Pitching for San Francisco Giants : RHP Alex Montes
Batting: SHB Chris Blue 0-0: Ground out 5-3 (Groundball, 5, EV 80.0 MPH)
Batting: RHB Henry Alvizo 0-0: Ball
1-0: Called Strike
1-1: Foul Ball, location: 2F
1-2: Foul Ball, location: 2F
1-2: Strikes out swinging
Batting: SHB Jon Munoz 0-0: Ball
1-0: Ball
2-0: Ball
3-0: Base on Balls
Batting: SHB Billy Encinias 0-0: Fly out, F1 (Line Drive, P, EV 69.4 MPH)
Top of the 9th over - 0 runs, 0 hits, 0 errors, 1 left on base; Colorado 4 - San Francisco 10
Thursday, December 15th , 2022 - OOTP Baseball 23.9 Build 102